AoeStats
← jaime001254

Oasis

509785083Analyzed
2v2 RM · 4d ago on Sep 28, 2026· 85m 17s· 4 players
Game mode
Random Map
Map size
Medium (4 player)
Population
200
Speed
Normal
Resources
Standard
Victory
Conquest
Starting age
Dark Age
Ending age
Imperial Age
RankedLock teamsTeams togetherTeam positionsShared explorationLock speedFull tech treeHidden civsTurbo modeCheats
Victory
Defeat
🇩🇪 Spanish · Germany
1023
+17
🇷🇸 Armenians · Serbia
1020
+17
🇨🇴 Hindustanis · Colombia
1040
-17
🇨🇴 Portuguese · Colombia
1039
-17
Tonik
1:50 Loom
12:45 Feudal Age
13:43 Double-Bit Axe
13:42 Horse Collar
14:40 Wheelbarrow
19:17 Castle Age
18:52 Town Watch
20:22 Bow Saw
20:18 Heavy Plow
22:59 Stone Mining
23:02 Gold Mining
28:22 Hand Cart
32:33 Imperial Age
30:10 Fletching
30:24 Padded Archer Armor
31:14 Bodkin Arrow
32:08 Caravan
32:26 Redemption
32:17 Devotion
33:46 Bracer
34:15 Town Patrol
34:36 Leather Archer Armor
34:21 Scale Mail Armor
34:32 Forging
34:59 Conscription
34:18 Onager
36:18 Gold Shaft Mining
36:53 Ring Archer Armor
36:39 Chain Mail Armor
35:50 Pikeman
36:30 Squires
36:16 Arson
36:36 Capped Ram
37:27 Fereters
38:02 Block Printing
37:25 Halberdier
39:48 Fervor
41:50 Plate Mail Armor
41:55 Iron Casting
42:39 Sanctity
42:58 Theocracy
42:52 Illumination
44:55 Blast Furnace
44:47 Atonement
44:45 Herbal Medicine
46:43 Hoardings
45:38 Sappers
47:04 Man-at-Arms
47:30 Gambesons
49:16 Long Swordsman
50:28 Two-Handed Swordsman
51:41 Champion
52:55 Masonry
52:42 Murder Holes
53:08 Ballistics
53:50 Chemistry
52:31 Treadmill Crane
53:01 Fortified Wall
55:03 Heavy Scorpion
55:05 Siege Ram
61:36 Bombard Tower
61:07 Guard Tower
67:36 Elite Composite Bowman
75:26 Coinage
75:07 Guilds
78:57 Banking
Bifbatz
1:08 Loom
2:40 Loom
12:52 Feudal Age
14:43 Wheelbarrow
14:24 Horse Collar
16:07 Double-Bit Axe
19:27 Castle Age
18:35 Stone Mining
18:36 Gold Mining
20:27 Bow Saw
21:37 Heavy Plow
22:23 Fervor
30:30 Imperial Age
28:20 Town Watch
29:52 Caravan
30:10 Town Patrol
31:00 Stone Shaft Mining
30:36 Cavalier
32:34 Chemistry
32:05 Husbandry
32:17 Bloodlines
32:33 Conscription
35:19 Two-Man Saw
34:43 Hand Cart
35:03 Inquisition
36:00 Forging
35:55 Scale Barding Armor
35:41 Fletching
35:51 Padded Archer Armor
35:51 Scale Mail Armor
37:00 Redemption
37:06 Block Printing
37:46 Iron Casting
39:17 Ballistics
39:07 Fortified Wall
38:21 Paladin
39:10 Murder Holes
40:25 Chain Barding Armor
40:01 Bodkin Arrow
40:21 Leather Archer Armor
40:22 Chain Mail Armor
42:23 Supremacy
42:40 Hoardings
42:19 Masonry
42:38 Pikeman
43:04 Arson
43:20 Squires
43:41 Halberdier
49:29 Blast Furnace
48:59 Plate Mail Armor
49:04 Plate Barding Armor
48:29 Bracer
48:59 Ring Archer Armor
51:25 Elite Skirmisher
56:18 Thumb Ring
60:36 Coinage
64:42 Man-at-Arms
65:07 Gambesons
64:53 Man-at-Arms
66:08 Long Swordsman
68:22 Two-Handed Swordsman
70:18 Champion
jaime001254
2:10 Loom
12:01 Feudal Age
12:59 Horse Collar
17:47 Castle Age
17:55 Wheelbarrow
18:37 Double-Bit Axe
19:19 Gold Mining
23:52 Heavy Plow
30:09 Imperial Age
28:00 Hand Cart
27:34 Town Watch
27:48 Fletching
28:03 Padded Archer Armor
28:16 Forging
29:33 Scale Barding Armor
29:25 Bodkin Arrow
30:38 Elite Organ Gun
31:40 Conscription
30:54 Elite Skirmisher
32:01 Leather Archer Armor
32:45 Circumnavigation
33:57 Bow Saw
33:50 Pikeman
35:51 Chemistry
34:50 Murder Holes
35:07 Fortified Wall
35:08 Masonry
37:09 Siege Engineers
37:17 Thumb Ring
37:28 Bracer
37:51 Chain Barding Armor
38:46 Arquebus
39:34 Devotion
40:56 Capped Ram
42:18 Ballistics
42:30 Architecture
41:41 Treadmill Crane
42:12 Stone Mining
43:01 Iron Casting
43:03 Ring Archer Armor
42:42 Scale Mail Armor
43:18 Plate Barding Armor
43:19 Iron Casting
42:56 Gambesons
42:31 Man-at-Arms
42:58 Arson
43:29 Halberdier
44:35 Chain Mail Armor
45:13 Long Swordsman
52:26 Caravan
55:29 Bombard Tower
55:02 Guard Tower
55:17 Siphons
55:51 Husbandry
55:11 Light Cavalry
56:02 Bloodlines
57:06 Blast Furnace
56:37 Plate Mail Armor
59:11 Two-Handed Swordsman
59:54 Champion
74:40 Cavalier
75:34 Bloodlines
74:51 Cavalier
75:41 Bloodlines
DarkRyu
2:04 Loom
11:57 Feudal Age
16:26 Castle Age
14:43 Double-Bit Axe
15:09 Horse Collar
15:51 Stone Mining
18:27 Bow Saw
20:49 Gold Mining
22:33 Heavy Plow
25:06 Fletching
26:27 Wheelbarrow
27:26 Bloodlines
26:44 Light Cavalry
27:47 Hand Cart
27:17 Town Watch
31:43 Imperial Age
29:53 Bloodlines
29:50 Scale Barding Armor
29:56 Forging
29:41 Bodkin Arrow
31:01 Husbandry
32:00 Gold Shaft Mining
32:04 Chain Barding Armor
32:20 Iron Casting
31:58 Heavy Camel Rider
33:16 Plate Barding Armor
32:45 Caravan
33:30 Bracer
34:56 Blast Furnace
34:35 Conscription
34:22 Grand Trunk Road
35:38 Imperial Camel Rider
37:50 Fortified Wall
38:41 Chemistry
38:08 Town Patrol
39:17 Two-Man Saw
38:53 Devotion
39:13 Masonry
39:10 Siege Engineers
39:26 Ballistics
39:02 Murder Holes
49:48 Padded Archer Armor
60:29 Leather Archer Armor
60:15 Scale Mail Armor
61:38 Ring Archer Armor
63:12 Chain Mail Armor
62:20 Man-at-Arms
62:46 Arson
63:01 Squires
63:19 Long Swordsman
63:45 Two-Handed Swordsman
64:39 Champion
74:51 Guard Tower
Connection lost

Rejoining the realm…

Still unreachable

The connection could not be restored.

Session expired

The server has moved on; the page needs a fresh start.